Map: [ESL] Alcyone

Players

Harstem

  • Race: Protoss Protoss
  • Spawn Location: 7:00

Lambo - Winner!

  • Race: Zerg Zerg
  • Spawn Location: 1:00

Event: ESL SC2 Masters 2023 Winter (Regional)

VOD

Have the link to the VOD?

Description

Time

  • Played on: Oct. 28, 2023, 11:14 a.m.
  • Length: 17:23

All games in this series

Show
View Real Time Build Order
Export as new Build Order

Harstem Protoss 

Build Orders: 1 Gate Expand, Oracle Opening 

Get SALT Encoding   

  12  0:00  Probe  
  13  0:12  Probe  
  14  0:20  Pylon  
  14  0:24  Probe (Chrono Boost)  
  15  0:38  Probe (Chrono Boost)  
  15  0:39  Gateway  
  16  0:46  Probe (Chrono Boost)  
  17  0:51  Assimilator  
  17  0:53  Probe  
  18  1:05  Probe  
  19  1:17  Probe  
  20  1:30  Nexus  
  20  1:37  Cybernetics Core  
  20  1:39  Probe  
  21  1:45  Assimilator  
  21  1:51  Probe  
  22  1:56  Pylon  
  22  2:03  Probe  
  23  2:11  Adept (Chrono Boost)  
  25  2:17  Probe  
  25  2:19  Stargate  
  26  2:29  Probe (Chrono Boost)  
  27  2:34  Stalker  
  29  2:38  Warp Gate  
  29  2:41  Probe (Chrono Boost)  
  31  2:48  Probe (Chrono Boost)  
  31  2:49  Probe (Chrono Boost)  
  32  2:55  Probe x2  
  34  3:03  Oracle (Chrono Boost)  
  34  3:07  Probe x2  
  39  3:13  Pylon  
  39  3:18  Gateway  
  39  3:19  Probe x2  
  41  3:31  Probe  
  41  3:32  Probe  
  43  3:40  Nexus  
  43  3:43  Probe (Chrono Boost)  
  43  3:45  Probe (Chrono Boost)  
  46  3:55  Assimilator, Probe (Chrono Boost)  
  46  3:58  Assimilator  
  46  3:59  Nexus  
  46  4:02  Pylon, Probe (Chrono Boost)  
  47  4:03  Probe (Chrono Boost)  
  47  4:08  Probe  
  49  4:13  Fleet Beacon  
  49  4:14  Probe  
  50  4:23  Probe  
  51  4:24  Stargate  
  51  4:26  Adept  
  51  4:27  Probe  
  54  4:33  Pylon  
  54  4:35  Probe  
  54  4:38  Pylon  
  55  4:40  Probe  
  56  4:46  Adept  
  56  4:47  Probe  
  60  4:54  Probe (Chrono Boost)  
  66  5:03  Mothership (Chrono Boost)  
  66  5:06  Tempest (Chrono Boost)  
  72  5:09  Probe (Chrono Boost)  
  72  5:14  Shield Battery, Probe  
  72  5:16  Probe (Chrono Boost)  
  72  5:19  Adept  
  81  5:32  Probe (Chrono Boost)  
  81  5:34  Tempest (Chrono Boost), Probe (Chrono Boost)  
  81  5:39  Forge  
  81  5:40  Probe (Chrono Boost)  
  81  5:41  Probe (Chrono Boost)  
  88  5:50  Probe, Assimilator, Pylon  
  88  5:51  Tempest (Chrono Boost)  
  88  5:52  Probe  
  88  5:54  Assimilator  
  90  6:02  Probe  
  90  6:03  Pylon  
  91  6:04  Probe  
  91  6:08  Probe  
  98  6:13  Tempest (Chrono Boost)  
  98  6:15  Probe  
  98  6:16  Probe  
  100  6:20  Probe  
  100  6:23  Pylon  
  100  6:25  Pylon  
  106  6:26  Tempest (Chrono Boost), Adept  
  106  6:27  Probe  
  106  6:28  Probe, Stalker  
  107  6:32  Probe  
  107  6:33  Gateway  
  107  6:38  Gateway  
  107  6:39  Probe  
  107  6:42  Protoss Ground Weapons Level 1 (Chrono Boost)  
  107  6:46  Twilight Council, Stalker  
  109  6:48  Probe  
  109  6:52  Probe  
  111  7:00  Probe  
  112  7:02  Gateway  
  112  7:03  Gateway, Probe  
  112  7:05  Gateway  
  112  7:06  Photon Cannon  
  112  7:07  Gateway  
  113  7:21  Stalker  
  113  7:22  Blink (Chrono Boost), Stalker  
  117  7:28  Probe  
  118  7:30  Probe  
  118  7:32  Stalker  
  118  7:33  Nexus  
  118  7:34  Probe  
  118  7:35  Pylon  
  122  7:38  Templar Archives  
  122  7:40  Pylon, Probe  
  122  7:42  Probe  
  124  7:46  Probe  
  125  7:53  Probe  
  125  7:55  Stalker x3  
  133  8:03  Stalker x2  
  136  8:05  Shield Battery  
  136  8:06  Pylon  
  136  8:11  Shield Battery  
  136  8:12  Photon Cannon, Shield Battery  
  126  8:13  Stalker  
  126  8:14  Assimilator, Pylon  
  126  8:18  Probe  
  126  8:19  Assimilator  
  129  8:20  High Templar x3  
  129  8:21  High Templar  
  129  8:25  Archon  
  129  8:26  Archon  
  129  8:27  Stalker x2  
  139  8:33  Photon Cannon  
  141  8:38  Protoss Ground Weapons Level 2 (Chrono Boost)  
  141  8:45  High Templar x2  
  145  8:49  Archon  
  145  8:52  Probe x2  
  145  8:55  Psionic Storm  
  145  8:58  Stalker x2  
  145  8:59  Stalker x3  
  155  9:13  Charge (Chrono Boost), Stalker  
  155  9:14  Probe  
  155  9:16  Pylon  
  158  9:18  Pylon  
  158  9:19  Probe  
  158  9:21  Probe  
  157  9:25  Zealot x6  
  169  9:32  High Templar  
  169  9:34  Probe  
  169  9:37  Pylon  
  172  9:41  Photon Cannon  
  172  9:44  Nexus, High Templar  
  172  9:50  High Templar x2  
  176  9:54  Stalker x4  
  176  9:56  Photon Cannon  
  176  9:57  Photon Cannon  
  184  10:02  Pylon, Probe x2  
  184  10:03  Probe  
  190  10:07  Oracle  
  190  10:19  Archon  
  190  10:20  Archon  
  169  10:22  Stalker  
  169  10:27  Zealot x6  
  163  10:40  Nexus  
  163  10:42  Nexus, Pylon  
  163  10:43  Pylon  
  163  10:49  Pylon  
  161  10:56  Protoss Ground Weapons Level 3 (Chrono Boost), Probe  
  156  10:59  Probe  
  156  11:01  Pylon  
  155  11:04  Stalker  
  155  11:05  Stalker x6  
  153  11:23  High Templar  
  149  11:28  High Templar x3  
  149  11:31  Nexus, Probe  
  154  11:33  Archon  
  154  11:35  Stalker  
  154  11:36  High Templar x3  
  162  11:40  Nexus, Assimilator  
  160  11:55  Pylon  
  160  11:56  Zealot  
  158  12:09  Stalker x6  
  158  12:11  Zealot  
  169  12:19  High Templar  
  168  12:23  Probe  
  168  12:24  Probe  
  168  12:25  Assimilator  
  170  12:31  Pylon  
  170  12:35  Zealot x5, Probe  
  181  12:41  Nexus, Pylon  
  179  12:46  Robotics Facility  
  177  12:54  Zealot x3  
  177  12:57  High Templar x3  
  177  12:58  High Templar  
  191  13:05  Archon  
  191  13:06  Zealot, Archon  
  193  13:19  Archon  
  167  13:21  Stalker x3  
  147  13:29  Stalker x3  
  147  13:30  Stalker  
  141  13:34  Zealot  
  141  13:35  Protoss Ground Armor Level 1  
  135  13:45  Zealot x3  
  132  13:49  Probe  
  132  13:50  Probe  
  132  13:54  Nexus  
  120  13:56  High Templar x4  
  120  14:01  Shield Battery  
  130  14:06  Zealot, Probe (Chrono Boost)  
  130  14:07  Zealot  
  130  14:08  Zealot x2, Probe (Chrono Boost)  
  140  14:17  Warp Prism (Chrono Boost), Probe (Chrono Boost)  
  140  14:18  Pylon  
  140  14:19  Probe (Chrono Boost)  
  140  14:20  Assimilator  
  142  14:32  High Templar x4  
  142  14:34  Zealot x4, Probe  
  142  14:36  Archon  
  142  14:37  Archon  
  142  14:38  Shield Battery  
  159  14:41  Photon Cannon  
  157  14:45  Immortal (Chrono Boost)  
  159  14:58  Stalker x4  
  164  15:07  Stalker x4  
  167  15:18  Immortal  
  167  15:22  High Templar  
  167  15:25  Zealot x3  
  167  15:26  Probe  
  168  15:30  High Templar x2  
  168  15:31  Gateway  
  172  15:35  Nexus  
  172  15:37  Zealot x2  
  177  15:42  Probe  
  177  15:44  Pylon  
  177  15:48  Probe  
  177  15:49  High Templar x2  
  182  15:54  Archon  
  178  16:03  High Templar x4  
  184  16:09  Immortal (Chrono Boost)  
  176  16:14  Archon x2  
  176  16:17  Zealot x2  
  184  16:19  Photon Cannon  
  184  16:24  Shield Battery  
  176  16:27  Stalker x2  
  178  16:33  Photon Cannon  
  178  16:37  High Templar  
  178  16:38  High Templar  
  149  16:40  Zealot x4  
  149  16:41  Observer (Chrono Boost), Zealot  
  149  16:46  Archon  
  136  16:49  Probe  
  136  16:51  Stalker x2  
  120  17:02  Stalker x5  
  120  17:03  Pylon  
  124  17:11  Zealot x2, Pylon  
  123  17:17  Zealot x2  
Show
View Real Time Build Order
Export as new Build Order

Lambo Zerg - Winner!

Build Orders: Hatch First 

Get SALT Encoding   

  12  0:00  Drone  
  13  0:12  Overlord  
  13  0:18  Drone  
  14  0:30  Drone x2  
  16  0:39  Drone  
  17  0:51  Hatchery  
  17  0:54  Drone  
  17  0:57  Drone  
  18  1:08  Extractor  
  17  1:12  Spawning Pool  
  17  1:15  Drone  
  17  1:18  Drone  
  18  1:27  Drone  
  19  1:38  Drone  
  20  1:52  Overlord  
  20  1:58  Queen  
  22  2:04  Queen  
  22  2:05  Zergling x2, Drone  
  22  2:08  Metabolic Boost  
  26  2:14  Zergling x2, Drone  
  28  2:22  Drone  
  29  2:24  Drone  
  30  2:33  Drone  
  31  2:39  Hatchery  
  31  2:40  Drone  
  31  2:44  Queen  
  31  2:50  Overlord  
  33  2:55  Drone  
  34  3:00  Zergling x2  
  34  3:02  Drone  
  36  3:09  Overlord  
  36  3:10  Zergling x6  
  36  3:12  Drone x2  
  41  3:15  Drone x2  
  43  3:21  Drone  
  44  3:28  Drone  
  44  3:32  Drone, Queen  
  48  3:36  Drone  
  48  3:37  Queen  
  48  3:39  Overlord  
  51  3:42  Drone  
  52  3:51  Drone x3, Queen  
  52  3:55  Overlord  
  57  3:57  Drone  
  57  4:01  Overlord  
  57  4:02  Drone x3  
  61  4:04  Spore Crawler  
  61  4:08  Drone  
  61  4:14  Drone x3  
  64  4:23  Overlord  
  64  4:24  Drone x2  
  65  4:25  Drone x3  
  65  4:29  Evolution Chamber  
  67  4:33  Drone  
  67  4:35  Drone  
  69  4:38  Drone  
  69  4:39  Hatchery  
  69  4:41  Extractor  
  69  4:43  Drone x3  
  71  4:46  Roach Warren  
  71  4:48  Zergling x4  
  71  4:49  Drone  
  73  4:56  Zerg Melee Weapons Level 1, Overlord  
  73  4:57  Drone  
  73  4:58  Drone x3  
  77  5:01  Extractor  
  77  5:03  Drone x4  
  80  5:08  Overlord  
  80  5:09  Drone x2  
  80  5:12  Drone  
  83  5:15  Overlord  
  83  5:18  Lair, Overlord  
  83  5:21  Overlord  
  82  5:25  Queen  
  82  5:27  Drone x2  
  82  5:28  Extractor  
  83  5:29  Overlord  
  83  5:30  Extractor, Overlord  
  83  5:35  Queen  
  84  5:37  Drone x2  
  84  5:41  Drone x2  
  84  5:42  Overlord  
  88  5:44  Extractor  
  88  5:46  Zergling x10  
  92  5:51  Zergling x6  
  95  5:58  Drone x5  
  95  5:59  Queen  
  102  6:05  Drone x4  
  102  6:07  Overlord  
  102  6:10  Overlord  
  105  6:12  Drone  
  105  6:13  Drone  
  105  6:14  Spore Crawler  
  105  6:15  Overlord  
  105  6:17  Drone  
  106  6:19  Spire  
  106  6:21  Overlord  
  105  6:28  Roach x5  
  105  6:31  Roach x2  
  117  6:33  Overseer  
  117  6:36  Roach x2  
  117  6:38  Queen  
  121  6:44  Drone  
  122  6:47  Drone  
  122  6:48  Drone x2, Glial Reconstitution  
  125  6:57  Drone x5  
  125  6:59  Overlord  
  129  7:02  Overlord  
  129  7:04  Overlord  
  129  7:06  Drone x3  
  129  7:08  Extractor x2  
  126  7:29  Spore Crawler  
  123  7:34  Overseer, Corruptor, Hatchery  
  123  7:35  Corruptor x6  
  123  7:36  Overlord  
  134  7:39  Corruptor  
  134  7:42  Corruptor x5  
  140  7:46  Corruptor  
  138  8:02  Drone x7  
  138  8:03  Drone x8  
  152  8:07  Baneling Nest  
  152  8:09  Queen x2  
  155  8:16  Drone x2  
  157  8:20  Extractor, Overlord  
  157  8:21  Zergling x10, Roach  
  157  8:24  Zerg Missile Weapons Level 1  
  157  8:26  Overlord  
  163  8:28  Zerg Flyer Weapons Level 1  
  163  8:30  Infestation Pit  
  163  8:32  Zergling x2  
  163  8:33  Zergling x6  
  166  8:34  Ravager x2  
  166  8:35  Ravager x3  
  166  8:37  Queen  
  173  8:43  Zergling x14  
  173  8:45  Zergling x4  
  181  8:48  Zergling x8  
  181  8:52  Centrifugal Hooks  
  185  8:56  Zergling x6  
  185  9:01  Zergling x8  
  192  9:03  Ravager x2  
  192  9:06  Zergling x8  
  197  9:12  Hive  
  195  9:24  Zergling x8  
  199  9:32  Baneling x32  
  199  9:37  Pneumatized Carapace  
  199  9:45  Overseer  
  199  9:48  Zergling x4  
  199  9:49  Zergling x2  
  199  9:53  Hatchery  
  199  9:54  Zergling x2  
  199  9:55  Extractor  
  199  9:56  Extractor  
  199  9:58  Queen  
  199  10:05  Evolution Chamber  
  198  10:14  Zergling x8  
  165  10:22  Roach x13  
  165  10:23  Roach x5  
  165  10:25  Roach x5  
  194  10:29  Roach x3  
  194  10:33  Zergling x12  
  186  10:37  Spine Crawler  
  186  10:39  Spine Crawler  
  186  10:40  Baneling x7  
  186  10:41  Zergling x10, Spine Crawler  
  188  10:46  Ravager  
  188  10:48  Zergling x12  
  190  10:53  Zergling x10  
  183  10:57  Zergling x2  
  183  11:02  Zergling x6  
  183  11:04  Baneling x6  
  183  11:06  Zergling x14  
  183  11:09  Baneling  
  184  11:15  Zergling x8, Hatchery  
  177  11:19  Roach x3  
  177  11:21  Zerg Flyer Weapons Level 2  
  177  11:22  Adrenal Glands, Zerg Melee Weapons Level 2, Zerg Missile Weapons Level 2  
  177  11:24  Roach  
  177  11:25  Roach x3  
  182  11:33  Queen x3  
  182  11:38  Baneling x30  
  190  11:44  Overseer x2  
  188  11:50  Zergling x20  
  183  12:03  Zergling x14  
  183  12:08  Roach x2  
  175  12:15  Zergling x10  
  175  12:21  Zergling x2, Roach  
  177  12:25  Spine Crawler  
  177  12:27  Zergling x22  
  184  12:31  Neural Parasite  
  184  12:33  Burrow  
  182  12:41  Baneling x10  
  182  12:42  Ravager x4  
  185  12:44  Ravager  
  185  12:47  Zergling x2  
  185  12:48  Zergling x18  
  196  13:05  Zergling x8  
  189  13:14  Zergling x24  
  189  13:17  Zergling x8  
  170  13:21  Roach  
  156  13:28  Roach x8  
  156  13:31  Roach x4  
  170  13:38  Roach  
  170  13:40  Roach  
  170  13:41  Roach x2  
  173  13:47  Roach  
  173  13:48  Roach  
  164  13:49  Queen x2  
  164  13:52  Roach x3  
  167  14:02  Greater Spire  
  167  14:03  Zergling x10  
  167  14:07  Baneling x9  
  167  14:08  Overlord, Ravager x8  
  167  14:09  Overlord, Spine Crawler x2  
  178  14:10  Zerg Melee Weapons Level 3, Zerg Ground Armor Level 1  
  178  14:11  Overlord, Spine Crawler  
  178  14:16  Overlord  
  177  14:17  Zergling x6  
  177  14:19  Overlord  
  180  14:27  Overlord  
  180  14:28  Zergling x10  
  185  14:32  Zergling x2  
  185  14:33  Zergling x4  
  185  14:38  Zergling x14  
  194  14:44  Zergling x10  
  199  14:50  Zergling x2  
  200  14:59  Zergling x12  
  200  15:03  Zergling x6  
  196  15:10  Zergling x18  
  190  15:20  Zergling x10, Overseer  
  189  15:25  Baneling x14  
  186  15:31  Zergling x14  
  193  15:35  Baneling x4  
  193  15:36  Baneling x9  
  193  15:44  Zergling x12  
  193  15:49  Hatchery  
  198  15:51  Zergling x6, Hatchery  
  197  15:57  Zergling x4  
  197  16:03  Zergling x12  
  199  16:09  Zergling x16  
  199  16:14  Baneling x5  
  199  16:16  Baneling x15  
  199  16:19  Zergling x2  
  199  16:26  Zergling x4  
  199  16:31  Zergling x8  
  198  16:39  Zergling x24  
  182  16:41  Zergling x8  
  182  16:46  Roach x3  
  183  16:52  Roach x2  
  179  17:00  Roach x4  
Tags
 
Add a new tag
Caveats
  • Supply blocks, unpowered buildings, or Contaminate may cause inaccurate times.
  • Supply counts are checked every 10 seconds.